 Dungeon Crawl Stone Soup version 0.31-a0-523-g071a6c1ffa (webtiles) character file.

Game seed: 14740608907255110111

21398 Newt the Mimic (level 12, 0/106 HPs)
             Began as a Black Draconian Shapeshifter on Aug 11, 2023.
             Was a High Priest of Okawaru.
             Hit by a large rock thrown by a cyclops (31 damage)
             ... on level 11 of the Dungeon.
             The game lasted 00:16:06 (11451 turns).

Newt the Mimic (Black Draconian Shapeshifter)      Turns: 11451, Time: 00:16:06

Health: 0/106      AC: 13    Str: 26    XL:     12   Next: 53%
Magic:  20/21      EV: 16    Int:  9    God:    Okawaru [*****.]
Gold:   545        SH:  0    Dex: 13    Spells: 11/11 levels left

rFire   . .          .
                       - Unarmed
rCold   . . .        (shield currently unavailable)
rNeg    . . .        (body armour unavailable)
rPois   +            (helmet restricted)
rElec   +            k - +0 cloak
rCorr   .            d - +2 pair of gloves
SInv    .            v - +0 pair of boots
Will    +....        D - amulet of regeneration
Stlth   +            F - ring "Axty Req" {rPois MP+9 Str+5}
HPRegen 1.17/turn    y - ring of willpower
MPRegen 0.17/turn

%: no passive effects
@: about to teleport, short of breath, flux-form, heroic, glowing
A: glow, contaminating, breathe lightning, AC +8, unfitting armour, electricity
resistance, cold-blooded
a: Breathe Lightning, Begin Untransformation, Renounce Religion, Heroism,
Finesse, Duel


You were on level 11 of the Dungeon.
You worshipped Okawaru.
Okawaru was extremely pleased with you.
You were something dangerously unstable.
You visited 2 branches of the dungeon, and saw 12 of its levels.
You also visited: Sewer, Ossuary and Bailey.

You collected 1128 gold pieces.
You spent 583 gold pieces at shops.

Inventory:

Armour
 d - a +2 pair of gloves (worn)
 k - a +0 cloak (worn)
 v - a +0 pair of boots (worn)
Jewellery
 r - a +6 ring of dexterity
 y - a ring of willpower (right hand)
 A - a ring of flight
 D - an amulet of regeneration (around neck)
 F - the ring "Axty Req" (left hand) {rPois MP+9 Str+5}
   (You bought it in a shop on level 6 of the Dungeon)

   [ring of magical power]

   Str+5:     It affects your strength (+5).
   rPois:     It protects you from poison MP+9: It affects your magic capacity
   (+9).
 H - a ring of protection from fire
 K - a ring of wizardry
Talismans
 b - a beast talisman
 c - a flux talisman (active)
 L - a serpent talisman
Wands
 e - a wand of charming (22)
 s - a wand of flame (9)
 w - a wand of roots (18)
 I - a wand of acid (6)
Scrolls
 f - a scroll of revelation
 h - 3 scrolls of fog
 m - 4 scrolls of teleportation
 u - 3 scrolls of enchant armour
 x - 2 scrolls of summoning
 B - a scroll of brand weapon
 C - 5 scrolls of identify
 E - a scroll of silence
 M - a scroll of amnesia
 N - a scroll of immolation
Potions
 a - 4 potions of brilliance
 g - 2 potions of invisibility
 i - 2 potions of magic
 j - 4 potions of curing
 l - 2 potions of enlightenment
 n - 2 potions of attraction
 o - 3 potions of haste
 p - a potion of ambrosia
 q - 3 potions of mutation
 z - a potion of might
 G - a potion of degeneration
 J - 2 potions of resistance


   Skills:
 - Level 10.0(15.0) Fighting
 - Level 5.0(10.0) Dodging
 + Level 9.2(14.2) Unarmed Combat
 - Level 4.0 Evocations
 - Level 13.3 Shapeshifting


You had 11 spell levels left.
You didn't know any spells.
Your spell library contained the following spells:

 Spells                   Type           Power      Damage    Failure   Level
 Apportation              Tloc           0%         N/A       38%         1
 Kiss of Death            Conj/Necr      0%         2d5       38%         1
 Sandblast                Erth           0%         2d4       38%         1
 Blink                    Tloc           0%         N/A       52%         2
 Passwall                 Tmut/Erth      0%         N/A       52%         2
 Confusing Touch          Hex            0%         N/A       77%         3
 Inner Flame              Hex/Fire       0%         N/A       77%         3
 Stone Arrow              Conj/Erth      0%         3d7       77%         3
 Dispel Undead            Necr           0%         3d6       99%         4
 Manifold Assault         Tloc           0%         N/A       99%         4
 Alistair's Intoxication  Tmut/Pois      0%         N/A       100%        5
 Yara's Violent Unravell  Hex/Tmut       0%         3d3       100%        5
 Dispersal                Tloc           0%         N/A       100%        6
 Enfeeble                 Hex            0%         N/A       100%        7
 Disjunction              Tloc           0%         N/A       100%        8


Dungeon Overview and Level Annotations

Branches:
Dungeon (11/15)            Temple (1/1) D:5            Lair (0/5) D:8
    Orc (0/2) D:9           Sewer (visited)         Ossuary (visited)
 Bailey (visited)

Altars:
Ashenzari
Cheibriados
Dithmenos
Elyvilon
Fedhas
Gozag
Hepliaklqana
Kikubaaqudgha
Makhleb
Nemelex Xobeh
Okawaru
Qazlal
Ru
Sif Muna
Trog
Uskayaw
Vehumet
Wu Jian
Xom
Yredelemnul
Zin
The Shining One

Shops:
D:6 :=   D:8 **   D:11 ?*

Annotations:
D:11 Gastronok


Innate Abilities, Weirdness & Mutations

You are something dangerously unstable.
You glow with magical radiation, making you easy to see and hit.
Foes you strike become dangerously contaminated with magical radiation.
You are incapable of wielding weapons or throwing items.
You can breathe wild blasts of lightning.
Your glossy black scales are hard. (AC +8)
You cannot fit into any form of body armour.
You are resistant to electric shocks. (rElec)
You are cold-blooded and may be slowed by cold attacks.


Message History

Gastronok mumbles some strange words.
Gastronok puts on a burst of speed!
You hit the gargoyle but do no damage.
The gargoyle shudders as magic cascades through it.
The gargoyle is heavily damaged.
You punch the two-headed ogre!
The two-headed ogre begins to glow.
You tail-slap the two-headed ogre, but do no damage.
The two-headed ogre is heavily wounded.
You completely miss the two-headed ogre.
The two-headed ogre is heavily wounded.
The boulder beetle stops rolling and uncurls.
Gastronok waves his eye-stalks in wide circles.
The air twists around and strikes you!
The two-headed ogre hits you with a +0 giant spiked club!
The two-headed ogre hits you but does no damage.
You punch the two-headed ogre!
The two-headed ogre glows dangerously bright.
The two-headed ogre is severely wounded.
The boulder beetle leaps!
A cyclops comes into view.
You punch the two-headed ogre!
The two-headed ogre shudders as magic cascades through it!!
You kill the two-headed ogre!
Okawaru accepts your kill.
The gargoyle hurls a stone arrow at you.
The stone arrow hits you!
Your base Unarmed Combat skill increases to level 9!
The gargoyle hurls a stone arrow at you.
The stone arrow hits you!!
* * * LOW HITPOINT WARNING * * *
You punch Gastronok!
Gastronok begins to glow.
Gastronok is lightly wounded.
Gastronok bites you!!
* * * LOW HITPOINT WARNING * * *
You feel much better.
The boulder beetle stops glowing.
The boulder beetle leaps!
As you read the scroll of teleportation, it crumbles to dust.
You feel strangely unstable.
The cyclops throws a large rock.
The large rock hits you!!
You die...

.##...# #.# #.....
.##...# .# #.# #.....
.##...# #.# #.# #.....
#...# #.# #.# #..... #.#
#.# #..... #.# #.#
#..... ..### #.#
#.###(.... ......###.#
#......... .....9wB[.#
#.........
..###.###C#####.........
# #.......###.###.
#.......# #.# .
#.#####.# #.# . #.# #.#
#.# #[# #.# #.# #.# #.#
#.# #.#


You could see Gastronok (swift, contam), a cyclops and a gargoyle.

Vanquished Creatures
  An orc warlord (Bailey)
  A two-headed ogre (D:11)
  An orc knight (Bailey)
  An ugly thing (D:11)
  A gargoyle (D:10)
  A rime drake (D:8)
  3 kobold demonologists (D:10)
  A troll (D:11)
  Prince Ribbit (D:5)
  2 hornets
  Grinder (D:3)
  5 slime creatures (D:9)
  A shadow (D:11)
  16 yaks
  A wyvern (D:8)
  A wraith (D:11)
  3 vampire mosquitoes (D:11)
  A steam dragon (D:9)
  An acid dragon (D:11)
  A water moccasin (D:9)
  9 ice beasts
  8 orc warriors
  3 black bears
  3 sky beasts
  Pargi (Sewer)
  An ogre (D:6)
  4 centaurs
  3 wolves (D:8)
  3 phantoms
  5 kobold brigands
  3 bullfrogs
  2 gnoll sergeants (D:7)
  2 water moccasin zombies (Ossuary)
  3 scorpions
  4 wights
  8 killer bees (D:8)
  The ghost of pigah the Changeling, a weakling OpSh (D:3)
  2 bullfrog zombies (Ossuary)
  3 centaur zombies (Ossuary)
  5 hounds
  3 jellies
  A gnoll bouda (D:7)
  11 orc priests
  5 iguanas
  Crazy Yiuf (D:5)
  Ijyb (D:3)
  Jessica (D:3)
  Terence (D:2)
  2 sleepcaps
  7 orc wizards
  13 gnolls
  14 adders
  A shadow imp (D:5)
  2 white imps (D:7)
  An ufetubus (D:5)
  6 adder zombies (Ossuary)
  6 worms
  A dart slug (D:4)
  36 orcs
  4 bats
  4 bat zombies (D:3)
  7 endoplasms
  4 giant cockroaches
  4 gnoll zombies (Ossuary)
  13 goblins
  13 hobgoblins
  4 jackals (D:3)
  40 kobolds
  4 quokkas
  7 ball pythons
  4 frilled lizards
  3 goblin zombies (Ossuary)
  A hobgoblin zombie (Ossuary)
  4 orc zombies (Ossuary)
  6 rats
  2 rat zombies (D:3)
354 creatures vanquished.

Notes
Turn   | Place    | Note
-------+----------+-------------------------------------------
     0 | D:1      | Newt the Draconian Shapeshifter began the quest for the
                  | Orb.
     0 | D:1      | Reached XP level 1. HP: 16/16 MP: 1/1
   117 | D:1      | Reached XP level 2. HP: 17/25 MP: 2/2
   208 | D:1      | Found a faded altar of an unknown god.
   491 | D:2      | Noticed Terence
   504 | D:2      | Killed Terence
   505 | D:2      | Reached XP level 3. HP: 7/31 MP: 3/3
   614 | D:2      | Noticed Jessica
   766 | D:3      | Reached XP level 4. HP: 19/38 MP: 4/4
   802 | D:3      | Found a glowing drain.
   811 | D:3      | Reached skill level 4 in Shapeshifting
   818 | Sewer    | Entered a sewer
   922 | Sewer    | Noticed Pargi
   932 | Sewer    | Killed Pargi
   933 | Sewer    | Reached XP level 5. HP: 20/45 MP: 5/5
  1165 | D:3      | Noticed Ijyb
  1176 | D:3      | Killed Ijyb
  1177 | D:3      | Reached skill level 5 in Shapeshifting
  1246 | D:3      | Found a large runed translucent door.
  1249 | D:2      | Found a hide-covered altar of Uskayaw.
  1298 | D:3      | Found a large runed translucent door.
  1305 | D:3      | Killed Jessica
  1741 | D:2      | Reached XP level 6. HP: 43/51 MP: 6/6
  1976 | D:3      | Noticed pigah's ghost (weakling OpSh)
  2143 | D:3      | Found an ancient bone altar of Kikubaaqudgha.
  2182 | D:3      | Noticed Grinder
  2198 | D:3      | Killed Grinder
  2199 | D:3      | Reached skill level 6 in Shapeshifting
  2788 | D:3      | Killed pigah's ghost
  2789 | D:3      | Your scales start taking on a glossy black colour.
  2789 | D:3      | Reached XP level 7. HP: 53/57 MP: 7/7
  2789 | D:3      | Gained mutation: You are resistant to electric shocks.
                  | (rElec) [Black Draconian growth]
  2969 | D:4      | Reached skill level 5 in Unarmed Combat
  3698 | D:5      | Entered Level 5 of the Dungeon
  3837 | D:5      | Found a shadowy altar of Dithmenos.
  4005 | D:5      | Noticed Prince Ribbit
  4011 | D:5      | Killed Prince Ribbit
  4012 | D:5      | Reached skill level 7 in Shapeshifting
  4012 | D:5      | Reached XP level 8. HP: 52/63 MP: 8/8
  4235 | D:5      | Reached skill level 8 in Shapeshifting
  4606 | D:5      | Found a runed translucent door.
  4607 | D:5      | Noticed Crazy Yiuf
  4790 | D:5      | Found a staircase to the Ecumenical Temple.
  4840 | D:5      | Reached skill level 9 in Shapeshifting
  5296 | D:5      | Killed Crazy Yiuf
  5447 | Temple   | Entered the Ecumenical Temple
  5464 | Temple   | Became a worshipper of Warmaster Okawaru
  5530 | D:6      | Reached XP level 9. HP: 62/71 MP: 9/9
  5585 | D:6      | Found a sand-covered staircase.
  5598 | Ossuary  | Entered an ossuary
  5629 | Ossuary  | Reached skill level 5 in Fighting
  5794 | Ossuary  | Reached * piety under Okawaru
  5872 | Ossuary  | Noticed a silent spectre
  6154 | D:6      | Found Wavvaola's Book Shoppe.
  6655 | D:6      | Found Qopnoel's Jewellery Shoppe.
  6663 | D:6      | Bought the ring "Axty Req" {rPois MP+9 Str+5} for 583 gold
                  | pieces
  6845 | D:7      | Reached skill level 5 in Dodging
  6905 | D:7      | Reached skill level 1 in Evocations
  7552 | D:8      | Found a basalt altar of Yredelemnul.
  7595 | D:8      | Reached XP level 10. HP: 34/83 MP: 10/10
  7599 | D:8      | Reached ** piety under Okawaru
  7730 | D:8      | Reached skill level 10 in Shapeshifting
  7737 | D:8      | Found a flagged portal.
  7742 | Bailey   | Entered a bailey
  7758 | Bailey   | Noticed an orc warlord
  7873 | Bailey   | Found a runed translucent gate.
  7876 | Bailey   | Found a runed translucent gate.
  7878 | Bailey   | Found a runed translucent gate.
  7885 | Bailey   | Noticed an orc knight
  7895 | Bailey   | Killed an orc knight
  8131 | Bailey   | Killed an orc warlord
  8131 | Bailey   | Reached *** piety under Okawaru
  8132 | Bailey   | Reached skill level 11 in Shapeshifting
  8176 | Bailey   | Reached skill level 13 in Shapeshifting
  8176 | Bailey   | Reached XP level 11. HP: 89/89 MP: 11/11
  8330 | D:8      | Found a staircase to the Lair.
  8550 | D:9      | Found a glowing golden altar of the Shining One.
  8559 | D:9      | Found a staircase to the Orcish Mines.
  8687 | D:9      | Reached **** piety under Okawaru
  9011 | D:9      | Found a faded altar of an unknown god.
  9011 | D:9      | Found a faded altar of an unknown god.
  9019 | D:9      | Found a hide-covered altar of Uskayaw.
  9021 | D:9      | Found a stormy altar of Qazlal.
  9023 | D:9      | Found a shimmering altar of Xom.
  9166 | D:9      | Reached XP level 12. HP: 18/103 MP: 12/12
  9544 | D:8      | Received a gift from Okawaru
  9700 | D:8      | Found Emiadgho Ekle's General Store.
  9702 | D:8      | Found Buhiliom's Specific Store.
  9821 | D:8      | Found a bloodstained altar of Trog.
  9998 | D:10     | Entered Level 10 of the Dungeon
 10039 | D:10     | Reached skill level 10 in Fighting
 10320 | D:10     | HP: 2/106 [yak (8)]
 10326 | D:9      | Reached ***** piety under Okawaru
 11375 | D:11     | Found Iluin's Magic Scroll Boutique.
 11381 | D:11     | Found Gikomm's General Store.
 11428 | D:11     | Noticed a two-headed ogre
 11428 | D:11     | Noticed a boulder beetle
 11429 | D:11     | Noticed Gastronok
 11447 | D:11     | Killed a two-headed ogre
 11449 | D:11     | HP: 3/106 [Gastronok (27)]
 11451 | D:11     | Hit by a large rock thrown by a cyclops

Illustrated notes

Levels and vault maps discovered:
D:1:      tarquinn_simple_flora_water_f, layout_rooms, basic_ecumenical_altar
D:2:      layout_rooms, basic_altar, minmay_pentomino_pile, uniq_jessica,
          uniq_terence
D:3:      layout_basic, lemuel_zombie_altar_kikubaaqudgha,
          ebering_ghost_disaster_area, gup_sewer_entry_bubbles,
          nrook_mini_vaults, uniq_ijyb, uniq_grinder
D:4:      layout_rooms
D:5:      minmay_polygon_palace, layout_layer_cave,
          mainiacjoe_overflow_24_doors, minmay_temple_entry_statues_fountains,
          uniq_prince_ribbit1, uniq_crazy_yiuf_cottage
D:6:      layout_loops_corners, lightli_ossuary_entry_decrepit_ruins,
          serial_shops, shop, nicolae_shop_waterfront
D:7:      layout_loops_ring
D:8:      layout_rooms, mainiacjoe_overflow_cross_hatched, marbit_many_paths,
          hellmonk_lair_entry_icy, enter_bailey_3, minmay_strange_pillars,
          nicolae_specific_store
D:9:      layout_roguey, chequers_temple_overflow_minitemple,
          mainiacjoe_overflow_six_doors_small, minmay_orc_entry_temple_small
D:10:     layout_basic, david_defended_altar_orc
D:11:     layout_long_grid, serial_shops, nicolae_shop_behind_doors,
          nicolae_shop_tiny_glass, nicolae_shop_statue_plus, uniq_fannar,
          uniq_gastronok
Temple:   nicolae_temple_ecumenical_triangle

Skill      XL: |  1  2  3  4  5  6  7  8  9 10 11 12 |
---------------+-------------------------------------+-----
Fighting       | 2 3 4 6 8 10 | 10.0
Shapeshifting  | 4 5 6 7 9 13 | 13.3
Unarmed Combat | 4 6 9 |  9.2
Dodging        | 5 |  5.0
Evocations     | 4 |  4.0

Action                     |  1- 3 |  4- 6 |  7- 9 | 10-12 || total
---------------------------+-------+-------+-------+-------++-------
  Melee: Unarmed           |    99 |   237 |   495 |   509 ||  1340
         Tailslap          |    12 |    39 |    93 |   105 ||   249
 Invoke: Heroism           |       |       |     1 |     1 ||     2
Ability: Breathe Lightning |       |       |     7 |    11 ||    18
  Evoke: Wand              |       |       |       |     1 ||     1
    Use: Scroll            |     5 |     5 |    16 |     7 ||    33
         Potion            |       |     1 |     2 |     6 ||     9
   Stab: Sleeping          |       |       |     1 |       ||     1
 Armour: Skin              |    18 |   125 |   234 |   228 ||   605
  Dodge: Dodged            |    48 |   157 |   359 |   370 ||   934
   Form: Flux              |     1 |       |       |       ||     1

Table legend: (Time is in decaauts)
 A = Elapsed time spent in this place.
 B = Non-inter-level travel time spent in this place.
 C = Inter-level travel time spent in this place.
 D = Time resting spent in this place.
 E = Time spent auto-exploring this place.
 F = Levels seen in this place.
 G = Mean time per level.
                   A        B        C        D        E       F      G
               +--------+--------+--------+--------+--------+-----+--------+
         Total |  11361 |  10902 |    459 |   1916 |   6644 |  15 |  757.4 |
       Dungeon |  10378 |   9953 |    425 |   1790 |   6093 |  11 |  943.5 |
        Temple |     34 |      1 |     33 |      0 |      0 |   1 |   34.0 |
         Sewer |    214 |    214 |      0 |      0 |    173 |   1 |  214.0 |
       Ossuary |    298 |    298 |      0 |      0 |    180 |   1 |  298.0 |
        Bailey |    435 |    435 |      0 |    126 |    198 |   1 |  435.0 |
               +--------+--------+--------+--------+--------+-----+--------+

Top non-repeatable levels by time:
     D:5: 1758 daAuts
     D:3: 1657 daAuts
     D:9: 1320 daAuts
    D:10: 1017 daAuts
     D:6: 990 daAuts
     D:8: 840 daAuts
     D:4: 737 daAuts
     D:7: 729 daAuts
     D:2: 603 daAuts
     D:1: 489 daAuts
  Bailey: 435 daAuts
 Ossuary: 298 daAuts
    D:11: 234 daAuts
   Sewer: 214 daAuts
  Temple: 34 daAuts
